 Dungeon Sprint DCSS version 0.26-a0-854-gdc81c2f471 (webtiles) character file.

Game seed: 4420057732537835446

1843 Conn the Arsonist (level 9, -2/50 (51) HPs)
             Began as an Octopode Fire Elementalist on Nov 23, 2020.
             Was a Priest of Sif Muna.
             Succumbed to a death drake's dark miasma
             ... in the Dungeon (Sprint II: "The Violet Keep of Menkaure").
             The game lasted 00:14:31 (410 turns).

Conn the Arsonist (Octopode Fire Elementalist)       Turns: 410, Time: 00:14:32

HP:   -2/50 (51)    AC:  1    Str:  7    XL:     9   Next: 12%
MP:   3/23          EV: 16    Int: 20    God:    Sif Muna [***...]
Gold: 9             SH:  0    Dex: 13    Spells: 7/28 levels left

rFire    + . .     SeeInvis .   (no weapon)
rCold    x . .     Faith    .   (no shield)
rNeg     . . .     Spirit   .   (helmet restricted)
rPois    .         Reflect  .   (no amulet)
rElec    .         Harm     .   b - ring of fire
rCorr    .         Rampage  .   (no ring)
MR       .....     NoTele   +   (no ring)
Stlth    ++++......             (no ring)
HPRegen  0.00/turn              (no ring)
MPRegen  0.18/turn              (no ring)
                                (no ring)
                                (no ring)

@: lethally poisoned (-2 -> -85), non-regenerating, badly diseased, slowed, very
slow
A: almost no armour, stealthy swim, amphibious, 8 rings, constrict 8, camouflage
1, gelatinous body 1
a: Channel Magic, Forget Spell, Renounce Religion


You were in the Dungeon.
You worshipped Sif Muna.
Sif Muna was most pleased with you.
You visited 1 branch You collected 729 gold pieces.
You spent 720 gold pieces at shops.

Inventory:

Jewellery
 b - a ring of fire (left tentacle)
Scrolls
 a - a scroll of blinking
 d - a scroll of remove curse {unknown}
Potions
 c - a potion of heal wounds
 f - a potion of berserk rage


   Skills:
 + Level 5.7 Dodging
 + Level 6.9 Stealth
 + Level 0.3 Unarmed Combat
 * Level 10.0 Spellcasting
 * Level 8.0 Conjurations
 * Level 3.5 Translocations
 + Level 12.2 Fire Magic
 * Level 3.1 Air Magic
 + Level 0.6 Poison Magic
 * Level 1.9 Invocations


You had 7 spell levels left.
You knew the following spells:

 Your Spells              Type           Power        Failure   Level
a - Foxfire               Conj/Fire      ####         1%          1
b - Conjure Flame         Conj/Fire      ######..     1%          3
c - Inner Flame           Hex/Fire       ######..     1%          3
d - Sticky Flame          Conj/Fire      ######..     1%          4
e - Fireball              Conj/Fire      ######....   3%          5
f - Mephitic Cloud        Conj/Pois/Air  ####....     4%          3
g - Blink                 Tloc           N/A          2%          2

Your spell library contained the following spells:

 Spells                   Type           Power        Failure   Level
 Magic Dart               Conj           ####         1%          1
 Call Imp                 Summ           ##......     11%         2
 Slow                     Hex            ##......     11%         2


Dungeon Overview and Level Annotations

Branches:
Dungeon (1/1)

Altars:
Cheibriados
Dithmenos
Elyvilon
Fedhas
Gozag
Hepliaklqana
Kikubaaqudgha
Makhleb
Nemelex Xobeh
Okawaru
Qazlal
Ru
Sif Muna
Trog
Uskayaw
Vehumet
Wu Jian
Xom
Yredelemnul
Zin
The Shining One
Beogh
Jiyva
Lugonu

Shops:
D [:=:([}!=*!!*?*

Annotations:
D exclusion: oklob plant


Innate Abilities, Weirdness & Mutations

You cannot wear most types of armour.
You are very stealthy in the water. (Stealth+)
You are amphibious.
You can wear up to eight rings at the same time.
You can use your tentacles to constrict eight enemies at once.
Your skin changes colour to match your surroundings (Stealth+).
Your rubbery body absorbs attacks. (AC +1, EV +1)


Message History

Unknown command.
Unknown command.
Unknown command.
You feel much better.
You are engulfed in dark miasma.
You are more poisoned.
You feel your flesh rotting away!
You feel as though you will be slow longer.
You feel very sick.
Casting: Fireball (dangerous; 3% risk of failure)
Confirm with . or Enter, or press ? or * to list all spells.
Press: ? - help, Shift-Dir - straight line, p - death drake You feel a surge of power!
The fireball explodes!
The fireball engulfs the swamp drake!
You kill the swamp drake!
Sif Muna accepts your kill.
The fireball engulfs the death drake!!
The death drake is almost dead.
You are engulfed in dark miasma.
You are more poisoned.
* * * LOW HITPOINT WARNING * * *
You die...

†###.##......≈≈≈≈≈≈≈≈≈≈≈≈≈
#.####§÷§....≈#)########+##
#..#≈≈≈≈≈≈§..≈#.._._._.#≈§§
..##≈≈§≈≈§≈≈.≈#._._._..#§≈≈
+##≈≈≈≈§≈≈§≈§≈#_†_._._.#S§§
≈≈≈≈≈≈≈§§§≈≈≈≈#._._._._#§§§
#+++#≈≈≈≈≈≈§≈§#.k_._._.#§≈§
≈§§ ##≈≈≈###≈§#.○._._._#§§§
≈§≈§≈##≈≈# #≈≈#.@.._._.#≈≈≈
§≈§§§§+≈≈# #≈≈#....._._#§§§
;≈≈§≈##≈≈≈≈≈≈≈##########§≈≈
≈≈;≈## ######≈S≈≈≈≈≈≈≈≈≈≈
+#### ≈≈§###≈########
§§≈≈##≈ §§§≈≈+≈ §§§≈###


You could see a death drake (catching breath) and a water moccasin.

Vanquished Creatures
  A merfolk siren (D)
  A yaktaur (D)
  2 polar bears (D)
  A hornet (D)
  A blink frog (D)
  Menkaure (D)
  A swamp drake (D)
  4 necrophages (D)
  3 worms (D)
15 creatures vanquished.

Vanquished Creatures (others)
  A polar bear (D)
  A water moccasin (D)
  62 foxfires (D)
64 creatures vanquished.

Grand Total: 79 creatures vanquished

Notes
Turn   | Place    | Note
-------+----------+-------------------------------------------
     0 | D        | Conn the Octopode Fire Elementalist began the quest for the
                  | Orb.
     0 | D        | Reached XP level 1. HP: 11/11 MP: 3/3
     1 | D        | Noticed a merfolk siren
    21 | D        | Found Bitur's Assorted Antiques.
    21 | D        | Found Tacs's Distillery.
    21 | D        | Found Doet's Magic Scroll Boutique.
    21 | D        | Found Vink's Distillery.
    22 | D        | Found Helanuka's General Store.
    22 | D        | Found Huegh's Jewellery Boutique.
    22 | D        | Found Ytani's Distillery.
    23 | D        | Found Kadwom's Assorted Antiques.
    23 | D        | Found Oczupit's Gadget Boutique.
    23 | D        | Found Coopor's Antique Armour Boutique.
    23 | D        | Found Suil's Antique Weapon Shop.
    23 | D        | Noticed Menkaure
    23 | D        | Noticed a wyvern
    23 | D        | Noticed a wyvern
    32 | D        | Killed a water moccasin
    44 | D        | Killed a merfolk siren
    45 | D        | Reached skill level 5 in Stealth
    45 | D        | Reached skill level 9 in Fire Magic
    45 | D        | Reached XP level 2. HP: 17/17 MP: 1/9
    45 | D        | Reached XP level 3. HP: 21/21 MP: 1/11
    45 | D        | Reached XP level 4. HP: 27/27 MP: 1/12
    45 | D        | Reached XP level 5. HP: 31/31 MP: 1/14
    45 | D        | Reached XP level 6. HP: 36/36 MP: 1/15
    49 | D        | Killed Menkaure
    50 | D        | Reached skill level 10 in Fire Magic
    50 | D        | Reached XP level 7. HP: 41/41 MP: 1/17
    53 | D        | Found Orum's Book Boutique.
    53 | D        | Found Puuph's Jewellery Shop.
    53 | D        | Noticed a wyvern
    53 | D        | Noticed an oklob plant
    54 | D        | Found Waf Mefa's Book Shoppe.
    54 | D        | Found Bifafiad's Antique Armour Boutique.
    56 | D        | Noticed a polar bear
    56 | D        | Noticed a polar bear
    59 | D        | Noticed an iron elemental
    66 | D        | Bought a scroll of blinking for 90 gold pieces
    91 | D        | Learned a level 3 spell: Conjure Flame
    95 | D        | Learned a level 3 spell: Inner Flame
   100 | D        | Learned a level 4 spell: Sticky Flame
   106 | D        | Learned a level 5 spell: Fireball
   132 | D        | Found a roughly hewn altar of Beogh.
   133 | D        | Found a hazy altar of Hepliaklqana.
   133 | D        | Found a snail-covered altar of Cheibriados.
   134 | D        | Found a stormy altar of Qazlal.
   134 | D        | Found a viscous altar of Jiyva.
   134 | D        | Found a shadowy altar of Dithmenos.
   135 | D        | Found a sacrificial altar of Ru.
   135 | D        | Found an ancient bone altar of Kikubaaqudgha.
   135 | D        | Found a white marble altar of Elyvilon.
   136 | D        | Found an ornate altar of the Wu Jian Council.
   136 | D        | Found a shimmering blue altar of Sif Muna.
   136 | D        | Found a corrupted altar of Lugonu.
   137 | D        | Found a shimmering altar of Xom.
   137 | D        | Found a bloodstained altar of Trog.
   137 | D        | Found a burning altar of Makhleb.
   138 | D        | Found a glowing golden altar of the Shining One.
   138 | D        | Found a basalt altar of Yredelemnul.
   138 | D        | Found a hide-covered altar of Uskayaw.
   140 | D        | Found a glowing silver altar of Zin.
   140 | D        | Found a radiant altar of Vehumet.
   140 | D        | Found a blossoming altar of Fedhas.
   140 | D        | Found a sparkling altar of Nemelex Xobeh.
   141 | D        | Found an opulent altar of Gozag.
   141 | D        | Found an iron altar of Okawaru.
   145 | D        | Became a worshipper of Sif Muna the Loreminder
   158 | D        | Noticed a boulder beetle
   158 | D        | Noticed a boulder beetle
   167 | D        | Noticed an ice statue
   190 | D        | Reached * piety under Sif Muna
   216 | D        | Reached skill level 5 in Dodging
   220 | D        | Reached skill level 5 in Conjurations
   220 | D        | Reached skill level 11 in Fire Magic
   229 | D        | Reached ** piety under Sif Muna
   313 | D        | Bought a book of Minor Magic for 280 gold pieces
   317 | D        | Learned a level 3 spell: Mephitic Cloud
   320 | D        | Learned a level 2 spell: Blink
   322 | D        | Bought an uncursed ring of fire for 250 gold pieces
   336 | D        | Bought a potion of heal wounds for 50 gold pieces
   336 | D        | Bought a potion of heal wounds for 50 gold pieces
   346 | D        | Noticed a blink frog
   354 | D        | Killed a blink frog
   355 | D        | Reached skill level 1 in Translocations
   355 | D        | Reached XP level 8. HP: 44/46 MP: 13/20
   380 | D        | Noticed a hornet
   380 | D        | Noticed a polar bear
   381 | D        | Noticed a polar bear
   383 | D        | Noticed a yaktaur
   387 | D        | Killed a hornet
   388 | D        | Killed a polar bear
   388 | D        | Reached *** piety under Sif Muna
   389 | D        | Reached skill level 1 in Air Magic
   390 | D        | Killed a polar bear
   391 | D        | Reached skill level 12 in Fire Magic
   396 | D        | Killed a yaktaur
   397 | D        | Reached skill level 1 in Invocations
   397 | D        | Reached XP level 9. HP: 51/51 MP: 0/22
   397 | D        | Noticed a polar bear
   398 | D        | Killed a polar bear
   399 | D        | Reached skill level 10 in Spellcasting
   401 | D        | Noticed a death drake
   410 | D        | Succumbed to a death drake's dark miasma

Illustrated notes

Levels and vault maps discovered:
D:        the_violet_keep_of_menkaure [sprint2_stairs_cluster_1,
          sprint2_shoproom, sprint2_temple, sprint2_basic_supplies,
          sprint2_obstacle_7, sprint2_obstacle_4, sprint2_obstacle_2,
          sprint2_obstacle_5, sprint2_obstacle_1, sprint2_timed_cluster_1,
          sprint2_smallroom_cluster_1, sprint2_smallroom_final_cluster_1,
          sprint2_transparent_cluster_1, sprint2_second_timed_cluster_1,
          sprint2_sniper_area_1, sprint2_heavy_combat_area_1,
          sprint2_mutation_trap_area_1, sprint2_forest_area_1,
          sprint2_light_combat_area_1, sprint2_behind_water_1,
          sprint2_near_end_vault_1]

Skill      XL: |  1  2  3  4  5  6  7  8  9 |
---------------+----------------------------+-----
Dodging        | 4 5 |  5.7
Stealth        | 5 6 |  6.9
Spellcasting   | 6 7 8 9 10 | 10.0
Conjurations   | 3 4 6 7 8 |  8.0
Fire Magic     | 9 10 11 12 | 12.2
Translocations | 1 3 |  3.5
Air Magic      | 2 3 |  3.1
Invocations    | 1 |  1.9
Unarmed Combat | |  0.3
Poison Magic   | |  0.6

Action                   |  1- 3 |  4- 6 |  7- 9 || total
-------------------------+-------+-------+-------++-------
Melee: Unarmed           |       |       |     1 ||     1
       Constrict         |       |       |     1 ||     1
 Cast: Foxfire           |     6 |     1 |    28 ||    35
       Conjure Flame     |       |       |     3 ||     3
       Mephitic Cloud    |       |       |     3 ||     3
       Fireball          |       |       |     3 ||     3
       Inner Flame       |       |       |     1 ||     1
       Blink             |       |       |     1 ||     1
Invok: Channel Magic     |       |       |     1 ||     1
  Use: Potion            |     5 |       |     1 ||     6
       Scroll            |     1 |       |       ||     1
Armor: Skin              |       |       |     1 ||     1
Dodge: Dodged            |       |       |    15 ||    15

Table legend: (Time is in decaauts)
 A = Elapsed time spent in this place.
 B = Non-inter-level travel time spent in this place.
 C = Inter-level travel time spent in this place.
 D = Time resting spent in this place.
 E = Time spent auto-exploring this place.
 F = Levels seen in this place.
 G = Mean time per level.
                   A        B        C        D        E       F      G
               +--------+--------+--------+--------+--------+-----+--------+
         Total |    391 |    391 |      0 |      0 |      0 |   1 |  391.0 |
       Dungeon |    391 |    391 |      0 |      0 |      0 |   1 |  391.0 |
               +--------+--------+--------+--------+--------+-----+--------+

Top non-repeatable levels by time:
       D: 391 daAuts
